 Dungeon Crawl Stone Soup version 0.24-a0-441-g27f0392e16 (webtiles) character file.

Game seed: 12480341003899910865

849 gruber the Conjurer (level 8, 0/46 HPs)
             Began as an Octopode Conjurer on June 19, 2019.
             Was an Initiate of Vehumet.
             Slain by a centaur (4 damage)
             ... on level 5 of the Dungeon.
             The game lasted 00:08:55 (5295 turns).

gruber the Conjurer (Octopode Conjurer)             Turns: 5295, Time: 00:08:56

Health: 0/46       AC:  1    Str:  7    XL:     8   Next: 1%
Magic:  11/16      EV: 13    Int: 20    God:    Vehumet [......]
Gold:   156        SH:  0    Dex: 12    Spells: 8/18 levels left

rFire    . . .     SeeInvis .   r - +3 dagger
rCold    . . .     Gourm    .   (no shield)
rNeg     . . .     Faith    .   (helmet restricted)
rPois    +         Spirit   .   (no amulet)
rElec    .         Reflect  .   p - ring of protection from magic (curse)
rCorr    .         Harm     .   d - ring of poison resistance
MR       +....                  (no ring)
Stlth    +++.......             (no ring)
HPRegen  0.15/turn              (no ring)
MPRegen  0.15/turn              (no ring)
                                (no ring)
                                (no ring)

@: no status effects
A: almost no armour, stealthy swim, amphibious, 8 rings, constrict 8, camouflage
1, gelatinous body 1
a: Renounce Religion


You were on level 5 of the Dungeon.
You worshipped Vehumet.
Vehumet was noncommittal.
You were very hungry.

You visited 1 branch of the dungeon, and saw 5 of its levels.

You collected 156 gold pieces.

Inventory:

Hand Weapons
 r - a +3 dagger (weapon)
Missiles
 g - 36 poisoned darts (quivered)
Jewellery
 d - a ring of poison resistance (right tentacle)
 p - a cursed ring of protection from magic (left tentacle)
Wands
 i - a wand of enslavement (6)
Scrolls
 a - 4 scrolls of teleportation {unknown}
 c - 9 scrolls of identify {unknown}
 j - 2 scrolls of enchant weapon {unknown}
 l - 5 scrolls of random uselessness {unknown}
 n - a scroll of remove curse {unknown}
 o - a scroll of amnesia {unknown}
 s - a scroll of enchant armour {unknown}
 t - a scroll of fog {unknown}
 x - a scroll of immolation {unknown}
Potions
 e - 2 potions of lignification {unknown}
 f - 3 potions of mutation {unknown}
 h - a potion of brilliance {unknown}
 k - a potion of flight {unknown}
 m - a potion of agility {unknown}
 q - a potion of resistance {unknown}
 v - a potion of heal wounds
 w - a potion of magic {unknown}
Comestibles
 b - 3 rations


   Skills:
 - Level 2.0 Dodging
 - Level 2.6 Stealth
 * Level 5.5 Spellcasting
 + Level 7.7 Conjurations
 + Level 0.1 Hexes


You had 8 spell levels left.
You knew the following spells:

 Your Spells              Type           Power        Failure   Level  Hunger
a - Magic Dart            Conj           ####         1%          1    None
b - Searing Ray           Conj           #####.       1%          2    None
c - Dazzling Spray        Conj/Hex       ###...       6%          3    ##.....
d - Force Lance           Conj/Tloc      ###.....     22%         4    ####...

Your spell library contained the following spells:

 Spells                   Type           Power        Failure   Level  Hunger
 Iskenderun's Mystic Bla  Conj           #####...     4%          4    ####...
 Fulminant Prism          Conj/Hex       ###.......   22%         4    ####...


Dungeon Overview and Level Annotations

Branches:
Dungeon (5/15)             Temple (0/1) D:4

Altars:
Ashenzari
Cheibriados
Elyvilon
Gozag
Okawaru
Trog
Vehumet


Innate Abilities, Weirdness & Mutations

You cannot wear most types of armour.
You are very stealthy in the water. (Stealth+)
You are amphibious.
You can wear up to eight rings at the same time.
You can use your tentacles to constrict eight enemies at once.
Your skin changes colour to match your surroundings (Stealth+).
Your rubbery body absorbs attacks. (AC +1, EV +1)


Message History

Aiming: Searing Ray (safe; 1% risk of failure)
Press: ? - help, Shift-Dir - straight line, f - centaur
Aim: a centaur The searing ray hits the centaur.
The centaur is lightly wounded. (Press . to maintain the ray.)
The centaur closely misses you.
The searing ray hits the centaur.
The centaur is heavily wounded.
The centaur hits you.
* * * LOW HITPOINT WARNING * * *
The centaur hits you.
* * * LOW HITPOINT WARNING * * *
The searing ray hits the centaur!
The centaur is severely wounded.
The centaur hits you.
* * * LOW HITPOINT WARNING * * *
The searing ray misses the centaur.
You finish channeling your searing ray.
The centaur hits you.
You die...

# #c #.. ########## .
#..# #........### ..
#..#
##..........##...
#..##....####...<....
#.c@.....###..<.####
#..(.##....(....#
........######...#..#
........# ######..#
#####.... ##..# #....
#..# ....## #..
##.### #. ##


You could see a centaur.

Vanquished Creatures
  An ogre (D:4)
  A phantom (D:4)
  A vampire bat (D:3)
  2 howler monkeys (D:4)
  An orc priest (D:3)
  Crazy Yiuf (D:2)
  An orc wizard (D:4)
  2 iguanas (D:4)
  Natasha (thrice) (D:2)
  2 worker ants (D:4)
  Robin (D:2)
  10 adders
  2 oozes (D:3)
  3 worms
  A dart slug (D:3)
  3 fire bats (D:3)
  2 leopard geckos
  16 orcs
  2 spectral bats (D:3)
  16 bats
  3 bat skeletons (D:3)
  A bat zombie (D:3)
  4 giant cockroaches
  13 goblins
  5 hobgoblins
  8 jackals
  4 kobolds
  2 quokkas (D:3)
  A ball python (D:4)
  A bat simulacrum (D:3)
  3 frilled lizards
  A jackal zombie (D:5)
  A rat (D:3)
118 creatures vanquished.

Notes
Turn   | Place    | Note
-------+----------+-------------------------------------------
     0 | D:1      | gruber the Octopode Conjurer began the quest for the Orb.
     0 | D:1      | Reached XP level 1. HP: 11/11 MP: 3/3
   215 | D:1      | Reached XP level 2. HP: 17/17 MP: 3/5
   960 | D:2      | Noticed Natasha
   968 | D:2      | Learned a level 2 spell: Searing Ray
  1081 | D:2      | Found a runed translucent door.
  1082 | D:2      | Noticed Crazy Yiuf
  1113 | D:2      | Found an iron altar of Okawaru.
  1128 | D:2      | Reached XP level 3. HP: 18/21 MP: 6/6
  1183 | D:2      | Noticed Robin
  1393 | D:2      | Killed Robin
  1515 | D:2      | Reached skill level 5 in Conjurations
  1615 | D:2      | Reached XP level 4. HP: 27/27 MP: 3/7
  1645 | D:2      | Found a faded altar of an unknown god.
  1740 | D:2      | Killed Natasha
  1748 | D:2      | Found a white marble altar of Elyvilon.
  1941 | D:2      | Killed Crazy Yiuf
  1941 | D:2      | Reached XP level 5. HP: 31/31 MP: 4/9
  2197 | D:2      | Noticed Natasha
  2204 | D:2      | Killed Natasha
  2495 | D:2      | Noticed Natasha
  2512 | D:2      | Killed Natasha
  2566 | D:3      | Reached skill level 6 in Conjurations
  2914 | D:3      | Reached XP level 6. HP: 26/36 MP: 9/11
  3374 | D:3      | Found a snail-covered altar of Cheibriados.
  3376 | D:3      | Found an opulent altar of Gozag.
  3690 | D:3      | Learned a level 3 spell: Dazzling Spray
  3695 | D:3      | Learned a level 4 spell: Force Lance
  3939 | D:3      | Found a radiant altar of Vehumet.
  3947 | D:3      | Became a worshipper of Vehumet
  4039 | D:4      | Reached XP level 7. HP: 41/41 MP: 13/13
  4071 | D:4      | Reached skill level 7 in Conjurations
  4276 | D:4      | Found a bloodstained altar of Trog.
  4288 | D:4      | Found a shattered altar of Ashenzari.
  4459 | D:4      | Found a staircase to the Ecumenical Temple.
  4796 | D:4      | Reached skill level 5 in Spellcasting
  5108 | D:5      | Entered Level 5 of the Dungeon
  5150 | D:4      | Reached XP level 8. HP: 8/46 MP: 3/16
  5295 | D:5      | Slain by a centaur

Levels and vault maps discovered:
D:1:      tarquinn_simple_flora_water_a, layout_basic
D:2:      layout_basic, lemuel_coloured_pillars_altar, old_standard_altar,
          serial_glass, glass_columns_c, glass_columns_c, glass_columns_a,
          glass_columns_a, chequers_ecumenical_altar_simple,
          kennysheep_generic_room_8, uniq_robin, uniq_natasha,
          uniq_crazy_yiuf_cottage
D:3:      layout_basic, vehumet_crystals, gammafunk_temple_overflow_wave,
          first_ration, goddamned_bats
D:4:      layout_basic, lemuel_round_altar, cheibrodos_ashenzari_chains,
          minmay_temple_entry_purple_smoke
D:5:      layout_layer_cave, overflow_temple_1_default, gup_sewer_entry_bowl,
          uniq_blork_the_orc

Skill      XL: |  1  2  3  4  5  6  7 |
---------------+----------------------+-----
Conjurations   | 5 6 7 |  7.7
Spellcasting   | 3 4 5 |  5.5
Dodging        | |  2.0
Stealth        | |  2.6
Hexes          | |  0.1

Action                   |  1- 3 |  4- 6 |  7- 9 || total
-------------------------+-------+-------+-------++-------
Melee: Whip              |     3 |       |       ||     3
       Constrict         |    13 |    26 |    14 ||    53
       Tentacles         |     8 |    12 |     7 ||    27
       Dagger            |    47 |   110 |    50 ||   207
 Cast: Magic Dart        |    19 |    10 |    19 ||    48
       Searing Ray       |     2 |    13 |     5 ||    20
       Dazzling Spray    |       |       |     2 ||     2
 Stab: Sleeping          |     6 |    16 |     1 ||    23
       Invisible         |       |       |     1 ||     1
  Eat: Chunk             |     2 |     4 |     4 ||    10
       Ration            |       |     1 |       ||     1
Armor: Skin              |     4 |    15 |     3 ||    22
Dodge: Dodged            |    25 |    90 |    27 ||   142

Table legend:
 A = Non-vault XP
 B = Vault XP
 C = Vault XP percentage of total XP
 D = Non-vault monster count
 E = Vault monster count
 F = Vault count percentage of total count
                 A         B        C        D         E       F
            +---------+---------+-------+---------+---------+-------
      Total |     920 |     294 |  24.2 |      88 |      30 |  25.4
            +---------+---------+-------+---------+---------+-------
        D:1 |      24 |       0 |   0.0 |      14 |       0 |   0.0
        D:2 |      99 |     116 |  54.0 |      12 |      10 |  45.5
        D:3 |     198 |     178 |  47.3 |      39 |      20 |  33.9
        D:4 |     593 |       0 |   0.0 |      20 |       0 |   0.0
        D:5 |       6 |       0 |   0.0 |       3 |       0 |   0.0
            +---------+---------+-------+---------+---------+-------
